 Dungeon Crawl Stone Soup version 0.22-a0-93-g6b88ebb (webtiles) character file.

1515 KristoblXynda the Martial Artist (level 8, -7/68 HPs)
             Began as a Yellow Draconian Monk on Jan 24, 2018.
             Was a Believer of Wu Jian.
             Mangled by a freezing wraith (12 damage)
             ... led by a death knight
             ... on level 7 of the Dungeon.
             The game lasted 00:10:24 (6121 turns).

KristoblXynda the Martial Artist (DrMo)             Turns: 6121, Time: 00:10:25

Health: -7/68      AC:  9    Str: 13    XL:     8   Next: 53%
Magic:  10/10      EV: 22    Int: 14    God:    Wu Jian [**....]
Gold:   348        SH:  0    Dex: 25    Spells: 4/7 levels left

rFire    . . .     SeeInvis .     - Unarmed
rCold    . . .     Gourm    +   (no shield)
rNeg     . . .     Faith    .   (armour unavailable)
rPois    .         Spirit   .   r - +2 hat {MR+}
rElec    .         Reflect  .   (no cloak)
rCorr    +         Harm     .   (no gloves)
MR       +....                  (no boots)
Stlth    ++++......             j - amulet of the gourmand
HPRegen  0.21/turn              d - +4 ring of dexterity
MPRegen  0.12/turn              x - +3 ring of dexterity

@: agile, short of breath, slowed, very slow
A: spit acid, acid resistance, unfitting armour, horns 1, blink, mutation
resistance 1, shaggy fur 1, cold-blooded, AC +6
a: Breathe Acid, Blink, Wall Jump, Renounce Religion


You were on level 7 of the Dungeon.
You worshipped Wu Jian.
Wu Jian was pleased with you.
You were very full.

You visited 2 branches of the dungeon, and saw 8 of its levels.

You collected 348 gold pieces.

Inventory:

Missiles
 t - 2 throwing nets (quivered)
Armour
 r - a +2 hat of magic resistance (worn)
Jewellery
 d - a +4 ring of dexterity (left hand)
 j - an amulet of the gourmand (around neck)
 n - a +2 ring of protection
 q - an uncursed amulet of rage
 x - a +3 ring of dexterity (right hand)
Wands
 u - a wand of iceblast (10)
Scrolls
 b - 2 scrolls of teleportation {unknown}
 e - 4 scrolls of amnesia
 f - a scroll of enchant weapon
 l - a scroll of enchant armour
 m - 2 scrolls of remove curse {unknown}
 y - a scroll of identify
Potions
 c - a potion of berserk rage {unknown}
 g - 2 potions of curing
 h - a potion of mutation
 p - a potion of agility
 s - a potion of might
Books
 v - a book of Minor Magic

   Spells                             Type                      Level
   a - Magic Dart                     Conjuration                  1
   b - Blink                          Translocation                2
   c - Call Imp                       Summoning                    2
   d - Slow                           Hexes                        2
   e - Conjure Flame                  Conjuration/Fire             3
   f - Mephitic Cloud                 Conjuration/Poison/Air       3
 w - a book of Misfortune

   Spells                             Type                      Level
   a - Confusing Touch                Hexes                        1
   b - Confuse                        Hexes                        3
   c - Gell's Gravitas                Translocation                3
   d - Petrify                        Transmutation/Earth          4
   e - Metabolic Englaciation         Hexes/Ice                    5
   f - Yara's Violent Unravelling     Hexes/Transmutation          5
Comestibles
 a - 11 rations


   Skills:
 - Level 5.0 Fighting
 + Level 5.7 Dodging
 - Level 1.7 Stealth
 * Level 8.5 Unarmed Combat
 + Level 2.8 Evocations


You had 4 spell levels left.
You knew the following spells:

 Your Spells              Type           Power        Failure   Level  Hunger
a - Confuse               Hex            #.......     65%         3    ####...


Dungeon Overview and Level Annotations

Branches:
Dungeon (7/15)             Temple (1/1) D:4

Altars:
Ashenzari
Cheibriados
Dithmenos
Elyvilon
Fedhas
Gozag
Hepliaklqana
Kikubaaqudgha
Makhleb
Nemelex Xobeh
Okawaru
Qazlal
Ru
Sif Muna
Trog
Uskayaw
Vehumet
Wu Jian
Xom
Yredelemnul
Zin
The Shining One


Innate Abilities, Weirdness & Mutations

You can spit globs of acid.
You are resistant to acid.
Your golden yellow scales are hard. (AC +6)
You cannot fit into any form of body armour.
You are cold-blooded and may be slowed by cold attacks.
You have a pair of small horns on your head.
You can translocate small distances at will.
You are somewhat resistant to further mutation.
You are covered in fur. (AC +1)


Message History

You feel as though you will be slow longer.
The freezing wraith barely misses you.
You feel agile all of a sudden. The freezing wraith hits you.
The freezing wraith freezes you!
* * * LOW HITPOINT WARNING * * *
The freezing wraith closely misses you. The freezing wraith misses you.
The freezing wraith hits you.
* * * LOW HITPOINT WARNING * * *
The freezing wraith drains your vigour!
You feel as though you will be slow longer.
As you read the scroll of fear, it crumbles to dust.
You assume a fearsome visage.
The freezing wraith is unaffected.
The wraith is unaffected.
The freezing wraith closely misses you.
The freezing wraith completely misses you.
As you read the scroll labeled SEIKICR LOWISCH, it crumbles to dust.
You feel aware of your surroundings.
It was a scroll of magic mapping.
The freezing wraith closely misses you. The freezing wraith hits you.
* * * LOW HITPOINT WARNING * * *
The freezing wraith hits you!
You die...

##...##
#.......#.......#
##+##
#.......#........ #.#
####.#######.#### #.#
#.# #.# ####.######
#.# #.# #.........#
#.# #.# **#.........#
#.# #.####
#...#...###.#######.#
#.....
*#.,,#........WW@[...#
######
,,,,.....###.#########
***#.#.......#
#.#######.#
#,,,,,,,..#
********###


You could see a freezing wraith and a wraith.

Vanquished Creatures
  A hungry ghost (D:3)
  A black bear (D:7)
  3 sky beasts
  The ghost of KristoblXynda the Ruffian, an amateur DrMo (D:4)
  A centaur (D:7)
  An ogre (D:7)
  2 scorpions
  4 wights (D:7)
  2 crimson imps
  A hound (D:7)
  2 orc wizards
  A bullfrog skeleton (D:6)
  Jessica (D:3)
  Terence (D:3)
  3 worker ants
  A hound skeleton (D:6)
  A worker ant zombie (D:6)
  6 adders
  An adder zombie (D:7)
  5 leopard geckos
  9 orcs
  3 ball pythons
  6 bats
  8 giant cockroaches
  13 goblins
  9 hobgoblins
  9 jackals
  14 kobolds
  2 quokkas
  4 frilled lizards
  A jackal zombie (D:7)
  7 rats
124 creatures vanquished.

Notes
Turn   | Place    | Note
-------+----------+-------------------------------------------
     0 | D:1      | KristoblXynda the Draconian Monk began the quest for the Orb.
     0 | D:1      | Reached XP level 1. HP: 19/19 MP: 1/1
    14 | D:1      | Noticed a minotaur skeleton
    19 | D:1      | Noticed a gargoyle
    23 | D:1      | Noticed a troll
   146 | D:1      | Reached XP level 2. HP: 22/26 MP: 2/2
   914 | D:2      | Reached XP level 3. HP: 18/33 MP: 3/3
  1305 | D:2      | Reached skill level 4 in Unarmed Combat
  1558 | D:2      | Reached XP level 4. HP: 36/40 MP: 4/4
  1663 | D:2      | Gained mutation: Your muscles are strong. (Str +2) [potion of mutation]
  1663 | D:2      | Gained mutation: You are robust. (+10% HP) [potion of mutation]
  1710 | D:3      | Noticed Terence
  1726 | D:3      | Killed Terence
  1966 | D:3      | Noticed Jessica
  1974 | D:3      | Killed Jessica
  1994 | D:3      | Reached XP level 5. HP: 38/50 MP: 5/5
  2090 | D:3      | Noticed a sky beast
  2125 | D:3      | Killed a sky beast
  2125 | D:3      | Reached skill level 5 in Unarmed Combat
  2125 | D:3      | Reached XP level 6. HP: 13/58 MP: 6/6
  2240 | D:3      | Lost mutation: You are robust. (+10% HP) [potion of mutation]
  2240 | D:3      | Lost mutation: Your muscles are strong. (Str +2) [potion of mutation]
  2240 | D:3      | Gained mutation: You have sharp toenails. [potion of mutation]
  2240 | D:3      | Gained mutation: You have razor-sharp toenails. [potion of mutation]
  2410 | D:3      | Lost mutation: You have razor-sharp toenails. [potion of mutation]
  2410 | D:3      | Lost mutation: You have sharp toenails. [potion of mutation]
  2410 | D:3      | Gained mutation: You can translocate small distances at will. [potion of mutation]
  2410 | D:3      | Gained mutation: You have a pair of small horns on your head. [potion of mutation]
  2410 | D:3      | Gained mutation: You are covered in fur. (AC +1) [potion of mutation]
  2410 | D:3      | Gained mutation: You are somewhat resistant to further mutation. [potion of mutation]
  2587 | D:3      | Noticed a hungry ghost
  2608 | D:3      | Killed a hungry ghost
  2608 | D:3      | Reached skill level 5 in Fighting
  3338 | D:4      | Reached skill level 6 in Unarmed Combat
  3338 | D:4      | Your scales start taking on a golden yellow colour.
  3338 | D:4      | Reached XP level 7. HP: 56/61 MP: 7/7
  3339 | D:4      | Noticed KristoblXynda's ghost (amateur DrMo)
  3354 | D:4      | Killed KristoblXynda's ghost
  3383 | D:4      | Found a staircase to the Ecumenical Temple.
  3389 | Temple   | Entered the Ecumenical Temple
  3480 | Temple   | Became a worshipper of the Wu Jian Council
  3480 | Temple   | Reached * piety under Wu Jian
  3480 | Temple   | Reached ** piety under Wu Jian
  3624 | D:4      | Found a shadowy altar of Dithmenos.
  4195 | D:5      | Entered Level 5 of the Dungeon
  4297 | D:5      | Reached skill level 7 in Unarmed Combat
  4589 | D:5      | Found a bloodstained altar of Trog.
  5142 | D:6      | Reached skill level 5 in Dodging
  5429 | D:6      | Reached skill level 1 in Evocations
  5555 | D:6      | Learned a level 3 spell: Confuse
  5615 | D:7      | Reached XP level 8. HP: 57/68 MP: 7/9
  5917 | D:7      | Reached skill level 8 in Unarmed Combat
  6103 | D:7      | Noticed a freezing wraith
  6121 | D:7      | Mangled by a freezing wraith

Vault maps used:
D:1:      shiori_arrival_whats_in_store_for_you, moated_statue
D:2:      interstate_on_off
D:3:      uniq_jessica, uniq_terence
D:4:      nicolae_dithmenos_the_darkroom, minmay_temple_entry_fiery,
          first_ration
D:5:      trog_hazing_becter
D:7:      uniq_menkaure
Temple:   dpeg_three_leaves_temple

Skill      XL: |  1  2  3  4  5  6  7  8 |
---------------+-------------------------+-----
Dodging        | 3 4 5 |  5.7
Unarmed Combat | 4 5 6 7 8 |  8.5
Fighting       | 4 5 |  5.0
Evocations     | 1 2 |  2.8
Stealth        | |  1.7

Action                   |  1- 3 |  4- 6 |  7- 9 || total
-------------------------+-------+-------+-------++-------
Melee: Unarmed           |   167 |   158 |   181 ||   506
       Tailslap          |    14 |    22 |    19 ||    55
       Headbutt          |       |    15 |    30 ||    45
       Punch             |       |     3 |     6 ||     9
Invok: Whirlwind         |       |       |     4 ||     4
       Lunge             |       |       |     7 ||     7
       Wall Jump         |       |       |     4 ||     4
 Abil: Breathe Acid      |       |       |     3 ||     3
  Use: Scroll            |       |     4 |     9 ||    13
       Potion            |       |     5 |     3 ||     8
 Stab: Sleeping          |     6 |     4 |     3 ||    13
  Eat: Chunk             |     1 |    31 |     7 ||    39
Armor: Skin              |    51 |    37 |    57 ||   145
Dodge: Dodged            |   127 |    95 |   137 ||   359

Table legend:
 A = Spawn XP
 B = Non-spawn XP
 C = Spawn XP percentage of total XP
 D = Spawn monster count
 E = Non-spawn monster count
 F = Spawn count percentage of total count
 G = Total turns spent on level
                    A         B        C        D         E        F      G
               +---------+---------+-------+---------+---------+-------+---------
         Total |       0 |    2165 |   0.0 |       0 |     124 |   0.0 |  6121
               +---------+---------+-------+---------+---------+-------+---------
           D:1 |       0 |      36 |   0.0 |       0 |      20 |   0.0 |   877
           D:2 |       0 |      63 |   0.0 |       0 |      27 |   0.0 |   796
           D:3 |       0 |     518 |   0.0 |       0 |      31 |   0.0 |  1238
           D:4 |       0 |     276 |   0.0 |       0 |      10 |   0.0 |  1189
           D:5 |       0 |     291 |   0.0 |       0 |      11 |   0.0 |   657
           D:6 |       0 |     174 |   0.0 |       0 |      10 |   0.0 |   722
           D:7 |       0 |     807 |   0.0 |       0 |      15 |   0.0 |   547
               +---------+---------+-------+---------+---------+-------+---------
